 Seeded DCSS version 0.29.1-15-g9cfb28693d (webtiles) character file.

Game seed: 1 (custom seed)

11813 Kazon the Covert (level 11, -12/74 HPs)
             Began as an Octopode Brigand on Mar 23, 2023.
             Was an Elder of Makhleb.
             Mangled by a yak (17 damage)
             ... on level 11 of the Dungeon.
             The game lasted 00:53:04 (10041 turns).

Kazon the Covert (Octopode Brigand)                Turns: 10041, Time: 00:53:05

Health: -12/74     AC:  1    Str: 15    XL:     11   Next: 83%
Magic:  23/23      EV: 15    Int: 13    God:    Makhleb [****..]
Gold:   477        SH: 15    Dex: 17    Spells: 10/10 levels left

rFire   . . .      SeeInvis .   s - +3 falchion of Winter {venom, rCorr}
rCold   + + .      Faith    .   c - +4 kite shield "Fuqat" {Str+3}
rNeg    + . .      Spirit   .   (helmet restricted)
rPois   .          Reflect  .   f - amulet of the acrobat
rElec   .          Harm     .   o - ring of positive energy
rCorr   +          Rampage  .   y - ring of protection from cold
Will    .....                   E - ring of magical power
Stlth   ++++++....              I - ring of protection from cold
HPRegen 0.22/turn               (no ring)
MPRegen 0.18/turn               (no ring)
                                (no ring)
                                (no ring)

@: no status effects
A: almost no armour, amphibious, 8 rings, camouflage 1, gelatinous body 1,
(nimble swimmer 1), tentacles
a: Renounce Religion, Minor Destruction, Lesser Servant of Makhleb, Major
Destruction


You were on level 11 of the Dungeon.
You worshipped Makhleb.
Makhleb was greatly pleased with you.
You visited 2 branches of the dungeon, and saw 12 of its levels.

You collected 703 gold pieces.
You spent 226 gold pieces at shops.

Inventory:

Hand Weapons
 e - a +2 dagger of venom
 s - the +3 falchion of Winter (weapon) {venom, rCorr}
   (You bought it in a shop on level 3 of the Dungeon)

   It poisons the flesh of those it strikes.
   rCorr:     It protects you from acid and corrosion.
 J - the +5 long sword of the Land of Plenty {drain, Dex+3}
   (You found it on level 10 of the Dungeon)

   A truly terrible weapon, it drains the life of any living foe it strikes.
   Dex:       It affects your dexterity (+3).
Missiles
 j - 26 poisoned darts
 l - 11 boomerangs (quivered)
 m - 6 curare-tipped darts
Armour
 c - the +4 kite shield "Fuqat" (worn) {Str+3}
   (You acquired it on level 1 of the Dungeon)

   Str:       It affects your strength (+3).
Jewellery
 f - an amulet of the acrobat (around mantle)
 o - a ring of positive energy (left tentacle)
 y - a ring of protection from cold (right tentacle)
 E - a ring of magical power (on tentacle)
 I - a ring of protection from cold (on tentacle)
Wands
 n - a wand of roots (6)
 v - a wand of mindburst (20)
 w - a wand of flame (30)
 A - a wand of paralysis (19)
 K - a wand of polymorph (7)
Scrolls
 h - a scroll of summoning {unknown}
 i - 11 scrolls of identify
 k - a scroll of immolation
 p - 2 scrolls of poison {unknown}
 r - a scroll of magic mapping {unknown}
 t - 2 scrolls of noise {unknown}
 u - 4 scrolls of teleportation
 z - 2 scrolls of enchant weapon {unknown}
 D - 2 scrolls of fog {unknown}
 F - 3 scrolls of fear
 H - a scroll of amnesia {unknown}
Potions
 a - 2 potions of ambrosia {unknown}
 b - 4 potions of berserk rage {unknown}
 d - 2 potions of haste {unknown}
 g - 2 potions of flight
 q - 5 potions of lignification {unknown}
 x - 2 potions of cancellation {unknown}
 B - 2 potions of curing
 C - a potion of might
 L - a potion of invisibility {unknown}
Miscellaneous
 G - a condenser vane


   Skills:
 * Level 6.7 Fighting
 + Level 5.7(7.3) Short Blades
 + Level 6.9(7.9) Long Blades
 + Level 6.7 Throwing
 * Level 6.9 Dodging
 + Level 12.7 Stealth
 + Level 6.7 Shields
 * Level 5.3 Invocations
 * Level 5.8 Evocations


You had 10 spell levels left.
You didn't know any spells.
Your spell library contained the following spells:

 Spells                   Type           Power      Damage    Failure   Level
 Apportation              Tloc           0%         N/A       63%         1
 Magic Dart               Conj           0%         1d3       63%         1
 Necrotise                Necr           0%         1d4       63%         1
 Sting                    Tmut/Pois      0%         1d3       63%         1
 Summon Small Mammal      Summ           0%         N/A       63%         1
 Call Imp                 Summ           0%         N/A       77%         2
 Poisonous Vapours        Pois/Air       0%         N/A       77%         2
 Mephitic Cloud           Conj/Pois/Air  0%         N/A       94%         3
 Ozocubu's Armour         Ice            0%         N/A       94%         3
 Olgreb's Toxic Radiance  Pois           0%         N/A       100%        4
 Fireball                 Conj/Fire      0%         3d3       100%        5
 Iskenderun's Battlesphe  Conj           0%         2d6       100%        5
 Metabolic Englaciation   Hex/Ice        0%         N/A       100%        5
 Conjure Ball Lightning   Conj/Air       0%         3x3d6     100%        6
 Simulacrum               Ice/Necr       0%         N/A       100%        6
 Orb of Destruction       Conj           0%         9d5       100%        7


Dungeon Overview and Level Annotations

Branches:
Dungeon (11/15)            Temple (1/1) D:7            Lair (0/5) D:10
    Orc: D:9-12

Altars:
Ashenzari
Elyvilon
Gozag
Hepliaklqana
Makhleb
Okawaru
Qazlal
Uskayaw

Shops:
D:3 (   D:8 ?(==   D:10 :


Innate Abilities, Weirdness & Mutations

You cannot wear most types of armour.
You are amphibious.
You can wear up to eight rings at the same time.
Your skin changes colour to match your surroundings (Stealth+).
Your rubbery body absorbs attacks. (AC +1, EV +1)
((You are camouflaged when in or above water. (Stealth+)))
You have tentacles for arms and can constrict up to eight enemies at once.


Message History

The yak is lightly wounded.
You block the yak's attack.
You slash the yak!
The yak is moderately wounded.
The yak misses you.
You slash the yak!
The yak looks as sick as possible!
Your squeeze misses the yak.
The yak is severely wounded.
The yak misses you.
You slash the yak!
The yak looks as sick as possible!
The yak is almost dead.
You block the yak's attack.
You slash the yak!
You kill the yak!
Makhleb accepts your kill.
You feel better.
You slash the yak! You squeeze the yak.
The yak is heavily wounded.
The yak gores you!
* * * LOW HITPOINT WARNING * * *
The yak gores you!
* * * LOW HITPOINT WARNING * * *
You hit the yak.
The yak is poisoned.
The yak is heavily wounded.
The yak closely misses you.
You hit the yak.
The yak looks as sick as possible!
The yak is severely wounded.
You block the yak's attack.
You hit the yak but do no damage.
The yak looks as sick as possible!
The yak is severely wounded.
The yak gores you.
* * * LOW HITPOINT WARNING * * *
You hit the yak.
The yak looks as sick as possible!
The yak is severely wounded.
You block the yak's attack.
You hit the yak but do no damage.
The yak looks as sick as possible!
Your tentacle-slap misses the yak.
You squeeze the yak, but do no damage.
The yak is severely wounded.
The yak gores you!
You die...

#### #. #.^ #. ##.#
#####.# #<.# .......
#####'##### .......
#.........# .......
###.........#
.......###.'....†....#
.......Y@..#.......<.#
.......#####.........#
####### ###########


You could see a yak (extremely poisoned).

Vanquished Creatures
  Erolcha (D:10)
  A two-headed ogre (D:9)
  An ugly thing (D:11)
  Maggie (D:6)
  2 trolls (D:10)
  Prince Ribbit (D:9)
  2 shadows
  A vampire (D:10)
  16 yaks
  2 wyverns
  Eustachio (D:5)
  2 steam dragons
  Menkaure (D:5)
  Edmund (D:6)
  An acid dragon (D:10)
  4 water moccasins
  4 orc warriors
  An ice beast (D:8)
  5 sky beasts
  2 black bears (D:6)
  4 centaurs
  An ogre (D:6)
  A wolf (D:10)
  2 phantoms (D:6)
  3 kobold brigands
  3 necrophages
  A bullfrog (D:7)
  A gnoll sergeant (D:7)
  5 scorpions
  21 wights
  3 killer bees (D:10)
  An electric eel (D:10)
  A howler monkey (D:5)
  2 jellies (D:6)
  6 hounds
  7 orc priests
  A gnoll bouda (D:6)
  6 iguanas
  4 orc wizards
  Robin (D:3)
  13 gnolls
  13 adders
  3 shadow imps
  2 white imps (D:7)
  An ufetubus (D:5)
  3 worms
  35 orcs
  9 endoplasms
  A giant cockroach (D:1)
  16 goblins
  9 hobgoblins
  A jackal (D:4)
  24 kobolds
  A quokka (D:1)
  5 ball pythons
  4 bats
  3 frilled lizards
  6 rats
273 creatures vanquished.

Vanquished Creatures (others)
  A quokka (D:7)
1 creature vanquished.

Grand Total: 274 creatures vanquished

Notes
Turn   | Place    | Note
-------+----------+-------------------------------------------
     0 | D:1      | Kazon the Octopode Brigand began the quest for the Orb.
     0 | D:1      | Reached XP level 1. HP: 14/14 MP: 1/1
    34 | D:1      | Identified a scroll of acquirement
    34 | D:1      | Acquired the +4 kite shield "Fuqat" {Str+3}
   187 | D:1      | Reached XP level 2. HP: 12/19 MP: 2/2
   752 | D:2      | Reached skill level 6 in Stealth
   763 | D:2      | Reached XP level 3. HP: 24/24 MP: 3/3
  1231 | D:2      | HP: 1/24 [gnoll/+0 spear (4)]
  1233 | D:2      | Reached XP level 4. HP: 1/29 MP: 4/4
  1679 | D:3      | Found Umat's Antique Weapon Boutique.
  1812 | D:3      | Bought a crude falchion for 184 gold pieces
  1812 | D:3      | Identified the +3 falchion of Winter {venom, rCorr} (You
                  | bought it in a shop on level 3 of the Dungeon)
  2024 | D:3      | Noticed Robin
  2032 | D:3      | Killed Robin
  2033 | D:3      | Reached skill level 1 in Shields
  2052 | D:3      | Reached skill level 7 in Stealth
  2154 | D:3      | Reached XP level 5. HP: 29/35 MP: 5/5
  2303 | D:3      | Reached skill level 5 in Fighting
  2303 | D:3      | Reached skill level 5 in Short Blades
  2303 | D:3      | Reached skill level 5 in Throwing
  2303 | D:3      | Reached skill level 9 in Stealth
  2303 | D:3      | Reached XP level 6. HP: 45/45 MP: 6/6
  2892 | D:4      | Reached skill level 10 in Stealth
  2892 | D:4      | Reached XP level 7. HP: 41/50 MP: 7/7
  3401 | D:4      | Found a hazy altar of Hepliaklqana.
  3670 | D:5      | Entered Level 5 of the Dungeon
  3708 | D:5      | Noticed Eustachio
  3769 | D:5      | Killed Eustachio
  3770 | D:5      | Reached skill level 1 in Evocations
  4031 | D:5      | Reached XP level 8. HP: 55/55 MP: 8/8
  4441 | D:5      | Reached skill level 5 in Dodging
  4525 | D:5      | Reached skill level 5 in Shields
  4821 | D:5      | Noticed Menkaure
  4829 | D:5      | Killed Menkaure
  5106 | D:7      | Found a staircase to the Ecumenical Temple.
  5116 | Temple   | Entered the Ecumenical Temple
  5121 | Temple   | Became a worshipper of Makhleb the Destroyer
  5151 | Temple   | Reached skill level 11 in Stealth
  5151 | Temple   | Reached XP level 9. HP: 35/61 MP: 9/9
  5194 | D:7      | Found a hide-covered altar of Uskayaw.
  5489 | D:6      | Reached skill level 5 in Long Blades
  5518 | D:6      | Reached skill level 1 in Invocations
  5580 | D:6      | Noticed Edmund
  5587 | D:6      | Killed Edmund
  5602 | D:6      | Reached * piety under Makhleb
  6000 | D:6      | Noticed Maggie
  6008 | D:6      | Reached XP level 10. HP: 64/66 MP: 11/11
  6014 | D:6      | Killed Maggie
  6206 | D:6      | Reached ** piety under Makhleb
  6567 | D:7      | Found a white marble altar of Elyvilon.
  6693 | D:7      | Reached skill level 12 in Stealth
  6873 | D:8      | Found Quzidd's Magic Scroll Emporium.
  6878 | D:8      | Bought a scroll of teleportation for 42 gold pieces
  7079 | D:8      | Found Esumer's Weapon Shop.
  7631 | D:8      | Found Heidghoki's Jewellery Shop.
  7728 | D:8      | Found Zoxtaeshakh's Jewellery Boutique.
  8238 | D:9      | Noticed Prince Ribbit
  8246 | D:9      | Killed Prince Ribbit
  8246 | D:9      | Reached *** piety under Makhleb
  8462 | D:9      | Noticed a two-headed ogre
  8466 | D:9      | Killed a two-headed ogre
  8467 | D:9      | Reached XP level 11. HP: 72/72 MP: 14/14
  8584 | D:10     | Entered Level 10 of the Dungeon
  8642 | D:10     | Found a staircase to the Lair.
  8653 | D:10     | Reached skill level 5 in Evocations
  8799 | D:10     | Noticed Erolcha
  8801 | D:10     | Killed Erolcha
  8821 | D:10     | Identified the +5 long sword of the Land of Plenty {drain,
                  | Dex+3}
  9078 | D:10     | Found Juagoaq's Book Shoppe.
  9629 | D:10     | Reached **** piety under Makhleb
  9800 | D:10     | Reached skill level 5 in Invocations
  9985 | D:11     | Noticed a green ugly thing
  9988 | D:11     | Killed a green ugly thing
 10041 | D:11     | Mangled by a yak

Illustrated notes

Levels and vault maps discovered:
D:1:      dpeg_arrival_three_smaller_balls, layout_basic
D:2:      layout_loops_ring
D:3:      layout_basic, serial_shops, nicolae_shop_stone, st_stairs_9,
          minmay_misc_feat_doors, eino_curves_03, uniq_robin
D:4:      minmay_wonky_spiral, layout_basic,
          mainiacjoe_overflow_surrounded_room, minivault_5
D:5:      layout_cave_pods, uniq_menkaure, uniq_eustachio
D:6:      cheibrodos_barr_body, layout_basic, minmay_crystal_room,
          minmay_pentangle, uniq_maggie, uniq_edmund
D:7:      layout_cave_pools, nicolae_uskayaw_murder_on_the_dancefloor,
          elyvilon_altar_4, minmay_temple_entry_purple_smoke
D:8:      layout_basic, serial_shops, shop_statue, kennysheep_little_box, shop,
          nicolae_shop_window_shopping
D:9:      layout_cave_pools, uniq_prince_ribbit1
D:10:     layout_stronghold, erik_lair_island, serial_shops,
          nicolae_shop_statue_plus, uniq_erolcha
D:11:     layout_roguey
Temple:   nicolae_temple_bog_church

Skill      XL: |  1  2  3  4  5  6  7  8  9 10 11 |
---------------+----------------------------------+-----
Stealth        | 6 7 9 10 11 12 | 12.7
Shields        | 1 4 5 6 |  6.7
Fighting       | 5 6 |  6.7
Short Blades   | 5 |  5.7
Long Blades    | 4 5 6 |  6.9
Throwing       | 5 6 |  6.7
Dodging        | 4 5 6 |  6.9
Evocations     | 1 2 3 4 5 |  5.8
Invocations    | 2 4 5 |  5.3

Action                   |  1- 3 |  4- 6 |  7- 9 | 10-12 || total
-------------------------+-------+-------+-------+-------++-------
Melee: Dagger            |    60 |    14 |   140 |    97 ||   311
       Constrict         |    13 |    19 |    42 |    37 ||   111
       Tentacles         |     4 |    16 |    63 |    83 ||   166
       Falchion          |       |    50 |    73 |   199 ||   322
       Punch             |       |       |     5 |     5 ||    10
       Long sword        |       |       |       |     1 ||     1
Throw: Dart              |     8 |     3 |    12 |    21 ||    44
       Stone             |     1 |    14 |     7 |    30 ||    52
       Boomerang         |       |       |       |    44 ||    44
Evoke: Wand              |       |       |       |    11 ||    11
  Use: Scroll            |     1 |       |     3 |     2 ||     6
       Potion            |       |     1 |     3 |     1 ||     5
 Stab: Sleeping          |    16 |     8 |    19 |    26 ||    69
       Distracted        |       |     1 |     1 |       ||     2
       Paralysed         |       |       |       |     2 ||     2
Armor: Skin              |     2 |     2 |     9 |     2 ||    15
Dodge: Dodged            |    17 |    14 |    80 |    78 ||   189
Block: Kite shield       |    25 |    19 |   125 |   168 ||   337
